AoeStats
← İvan'ın Anasını Dehleyen

Arena

510214072Analyzed
4v4 RM · 1d ago on Sep 30, 2026· 39m 18s· 8 players
Game mode
Random Map
Map size
Large (8 player)
Population
200
Speed
Normal
Resources
Standard
Victory
Conquest
Starting age
Dark Age
Ending age
Imperial Age
RankedLock teamsTeams togetherTeam positionsShared explorationLock speedFull tech treeHidden civsTurbo modeCheats
Victory
Defeat
🇮🇹 Persians · Italy
1171
+17
🇧🇷 Turks · Brazil
1168
+18
🇵🇪 Slavs · Peru
1123
+19
🇦🇷 Wu · Argentina
1085
+21
🇹🇷 Danes · Türkiye
1268
-21
1229
-20
🇹🇷 Italians · Türkiye
1229
-20
🇹🇷 Byzantines · Türkiye
1074
-14
decarolinadelnorte
10:40 Feudal Age
12:06 Loom
14:30 Castle Age
13:07 Double-Bit Axe
13:16 Stone Mining
17:11 Bow Saw
18:57 Fletching
20:46 Bodkin Arrow
21:08 Town Watch
28:48 Wheelbarrow
30:10 Murder Holes
35:03 Wheelbarrow
34:40 Squires
34:28 Arson
35:38 Scale Mail Armor
35:40 Horse Collar
38:25 Forging
38:31 Chain Mail Armor
38:29 Gold Mining
MACS-X
12:31 Feudal Age
14:15 Double-Bit Axe
16:32 Castle Age
14:32 Horse Collar
16:35 Wheelbarrow
22:23 Bow Saw
22:43 Heavy Plow
23:07 Stone Mining
23:10 Loom
23:39 Gold Mining
29:25 Imperial Age
27:03 Detinets
28:23 Bloodlines
28:14 Husbandry
29:13 Scale Barding Armor
29:19 Forging
30:54 Chain Barding Armor
31:09 Conscription
31:38 Iron Casting
32:27 Plate Barding Armor
32:54 Elite Boyar
35:07 Blast Furnace
40:10 Hoardings
Pino
12:22 Feudal Age
16:16 Castle Age
21:12 Imperial Age
19:42 Double-Bit Axe
23:18 Horse Collar
27:47 Padded Archer Armor
33:01 Leather Archer Armor
37:11 Ballistics
37:14 Bombard Tower
37:05 Masonry
38:20 Stone Mining
38:21 Gold Mining
yangcongze30
11:25 Feudal Age
15:21 Castle Age
13:10 Loom
13:56 Double-Bit Axe
15:59 Bow Saw
24:43 Wheelbarrow
23:50 Horse Collar
25:02 Heavy Plow
25:17 Stone Mining
26:08 Gold Mining
26:56 Stone Shaft Mining
27:14 Hand Cart
31:20 Imperial Age
29:07 Scale Barding Armor
29:21 Forging
30:13 Chain Barding Armor
31:10 Town Watch
31:27 Husbandry
31:38 Bloodlines
32:09 Gold Shaft Mining
32:37 Two-Man Saw
32:09 Crop Rotation
32:19 Conscription
32:43 Plate Barding Armor
32:59 Iron Casting
33:51 Masonry
34:02 Ballistics
35:53 Blast Furnace
35:20 Elite War Elephant
36:48 Town Patrol
37:58 Chemistry
40:08 Hoardings
edge2147
9:36 Feudal Age
13:23 Castle Age
20:49 Imperial Age
19:32 Double-Bit Axe
22:33 Chemistry
21:07 Elite Skirmisher
24:10 Fletching
25:17 Padded Archer Armor
29:33 Bodkin Arrow
İvan'ın Anasını Dehleyen
10:51 Feudal Age
15:45 Castle Age
14:23 Gold Mining
14:19 Double-Bit Axe
14:17 Horse Collar
14:59 Scale Barding Armor
15:18 Forging
16:23 Wheelbarrow
15:34 Loom
17:45 Heavy Plow
17:56 Bow Saw
22:43 Town Watch
27:03 Hand Cart
26:59 Stone Mining
27:55 Iron Casting
27:46 Chain Barding Armor
28:53 Bloodlines
29:19 Town Watch
32:48 Town Patrol
38:00 Imperial Age
secotify
11:20 Feudal Age
16:03 Castle Age
13:51 Double-Bit Axe
13:48 Horse Collar
14:37 Gold Mining
21:03 Loom
21:55 Elite Skirmisher
28:06 Scale Barding Armor
31:51 Wheelbarrow
31:18 Heavy Plow
31:51 Pikeman
32:31 Squires
32:41 Scale Mail Armor
33:32 Hand Cart
33:55 Chain Mail Armor
34:48 Gold Shaft Mining
35:28 Forging
38:25 Imperial Age
36:48 Iron Casting
36:33 Chain Barding Armor
36:17 Padded Archer Armor
36:07 Fletching
36:27 Thumb Ring
37:22 Stone Mining
38:38 Halberdier
Furian
10:27 Feudal Age
13:03 Loom
15:28 Castle Age
13:33 Double-Bit Axe
13:32 Horse Collar
13:57 Scale Mail Armor
16:33 Bow Saw
16:26 Heavy Plow
17:23 Forging
25:13 Chain Mail Armor
26:07 Iron Casting
25:56 Loom
27:55 Hamask
32:00 Gold Mining
32:15 Arson
32:30 Squires
33:44 Wheelbarrow
36:19 Imperial Age
35:58 Hand Cart
Connection lost

Rejoining the realm…

Still unreachable

The connection could not be restored.

Session expired

The server has moved on; the page needs a fresh start.